New York Rangers vs Hartford Whalers
Created - Saturday, March 22, 2025 at 10:23
Goals
|
| New York Rangers |
1 |
1 |
1 |
0 |
0 |
3 |
| Hartford Whalers |
2 |
0 |
1 |
0 |
1 |
4 |
|
Shots
|
| New York Rangers |
9 |
8 |
10 |
2 |
3 |
29 |
| Hartford Whalers |
19 |
10 |
8 |
3 |
3 |
40 |
|
1st period
1. New York Rangers , Joe Pavelski 11 (Teuvo Teravainen 8, Brendan Smith 9) at 1:17
2. Hartford Whalers , Anthony Cirelli 9 (Seth Jones 10) at 7:49
3. Hartford Whalers , Anthony Cirelli 10 (Nick Suzuki 25, Matt Duchene 16) at 16:46 (PP)
Penalties :
Mikael Granlund (NYR) for Delaying the game (Minor) at 16:38
2nd period
4. New York Rangers , Nathan MacKinnon 17 (Cam Fowler 9, Artemi Panarin 21) at 10:44
Penalties :
Adam Larsson (NYR) for Holding (Minor) at 0:03, Nathan MacKinnon (NYR) for Delaying the game (Minor) at 8:30, Pierre-Luc Dubois (HFD) for Interference (Minor) at 17:41
3rd period
5. New York Rangers , Cole Caufield 14 (Jake Walman 6, Nathan MacKinnon 15) at 10:10
6. Hartford Whalers , Nick Suzuki 11 (Jaden Schwartz 7, Samuel Girard 7) at 18:05
Penalties :
Matthew Benning (NYR) for High sticking (Minor) at 2:05, Morgan Frost (HFD) for Tripping (Minor) at 14:45, Cam Fowler (NYR) for Roughing (Minor) at 15:11, Ryan O'Reilly (HFD) for Slashing (Minor) at 19:04
Overtime #1
No Goal
Penalties :
No Penalty
Shootout
New York Rangers, Artemi Panarin - Shot Misses the Net
Hartford Whalers, Nick Suzuki - Stopped by Igor Shesterkin
New York Rangers, Dylan Strome - Stopped by John Gibson
Hartford Whalers, Pierre-Luc Dubois - Stopped by Igor Shesterkin
New York Rangers, Cole Caufield - Shot Misses the Net
Hartford Whalers, Ryan O'Reilly - Goal!
Penalties :
No Penalty
Goalie Stats
Igor Shesterkin (NYR), 37 saves from 40 shots - (0.925), OTL, 14-13-5, 65:00 minutes
John Gibson (HFD), 26 saves from 29 shots - (0.897), W, 15-14-2, 65:00 minutes
Players Stats for New York Rangers
Player Name G A P +/- PIM S H SB GA TA FO MP PP MP PK MP
------------------------------------------------------------------------------------
Adam Larsson 0 0 0 0 2 0 1 0 0 1 0/0 24:21 0:00 2:44
Artemi Panarin 0 1 1 0 0 4 1 0 0 0 0/1 18:36 2:00 0:02
Brendan Smith 0 1 1 -1 0 0 3 0 0 2 0/0 15:16 0:00 2:03
Cam Fowler 0 1 1 0 2 2 0 4 0 0 0/0 26:10 1:30 3:40
Cole Caufield 1 0 1 1 0 5 1 0 0 0 0/0 18:34 2:00 0:15
Conor Garland 0 0 0 -1 0 2 1 0 0 0 0/2 8:26 0:08 0:00
David Kampf 0 0 0 -1 0 0 1 1 0 1 1/3 11:30 0:00 3:11
Dylan Strome 0 0 0 1 0 1 0 1 0 1 4/19 17:31 1:12 0:00
Jake McCabe 0 0 0 2 0 2 2 2 0 0 0/0 21:37 0:00 0:29
Jake Walman 0 1 1 2 0 0 1 1 0 0 0/0 25:59 1:49 3:37
Joe Pavelski 1 0 1 1 0 3 0 0 0 0 0/0 15:03 1:12 0:00
Marcus Foligno 0 0 0 -1 0 1 2 0 0 0 0/1 11:38 0:08 3:11
Mathew Barzal 0 0 0 0 0 2 0 0 0 0 0/0 15:28 1:49 0:00
Matthew Benning 0 0 0 -1 2 0 0 0 0 1 0/0 13:11 0:00 0:38
Mikael Granlund 0 0 0 1 2 3 4 0 3 0 6/13 18:04 1:31 2:54
Nathan MacKinnon 1 1 2 0 2 1 2 1 0 0 10/21 18:48 2:08 0:02
Nikolaj Ehlers 0 0 0 1 0 2 0 0 0 0 1/2 15:30 1:12 0:29
Teuvo Teravainen 0 1 1 1 0 1 1 1 2 0 0/1 16:09 0:00 2:49
Players Stats for Hartford Whalers
Player Name G A P +/- PIM S H SB GA TA FO MP PP MP PK MP
------------------------------------------------------------------------------------
Anthony Cirelli 2 0 2 -1 0 5 1 0 1 0 2/2 19:50 3:02 3:00
Charlie McAvoy 0 0 0 0 0 1 1 1 2 0 0/0 28:04 3:38 1:46
Devon Toews 0 0 0 0 0 0 1 0 0 1 0/0 23:56 2:53 2:38
Jaden Schwartz 0 1 1 -1 0 3 1 0 0 0 0/0 9:49 0:00 0:15
Josh Anderson 0 0 0 -1 0 1 0 0 1 0 0/0 13:34 0:00 0:45
Joshua Norris 0 0 0 -2 0 2 2 0 0 0 8/11 16:07 0:04 0:24
Kaiden Guhle 0 0 0 -1 0 1 0 1 0 0 0/0 13:46 0:00 0:46
Matt Duchene 0 1 1 0 0 5 0 0 0 0 0/0 19:39 3:07 0:00
Miles Wood 0 0 0 0 0 0 0 2 0 0 0/0 1:52 0:00 0:00
Morgan Frost 0 0 0 -1 2 3 0 1 1 1 3/4 10:11 0:09 0:29
Nick Suzuki 1 1 2 1 0 4 1 0 0 1 14/24 20:57 3:11 1:40
Pierre-Luc Dubois 0 0 0 1 2 4 2 0 0 0 0/0 16:26 0:00 0:19
Rickard Rakell 0 0 0 0 0 1 1 0 1 0 0/0 17:29 3:20 0:00
Ryan O'Reilly 0 0 0 0 2 3 3 1 0 1 14/22 20:57 3:20 0:52
Ryan Suter 0 0 0 -1 0 1 0 1 0 0 0/0 13:00 0:00 0:00
Samuel Girard 0 1 1 0 0 0 2 1 0 1 0/0 23:10 2:53 1:52
Seth Jones 0 1 1 0 0 5 3 1 0 0 0/0 28:04 3:38 1:46
Tom Wilson 0 0 0 1 0 1 2 0 0 0 0/0 17:09 3:20 0:00
3 Stars
1 - Nick Suzuki (HFD)
2 - Anthony Cirelli (HFD)
3 - Nathan MacKinnon (NYR)
Power Play
New York Rangers - 0 on 3 Attempt(s) - 0.00%
Hartford Whalers - 1 on 5 Attempt(s) - 20.00%
Penalty Kill
New York Rangers - 4 on 5 Attempt(s) - 80.00%
- Score 0 goal in Penalty Kill
Hartford Whalers - 3 on 3 Attempt(s) - 100.00%
- Score 0 goal in Penalty Kill
Team Stat
New York Rangers - Hits : 20 - Faceoff Wins : 22 - Blocked Shots : 11 - Penalty Minutes : 10
Hartford Whalers - Hits : 20 - Faceoff Wins : 41 - Blocked Shots : 9 - Penalty Minutes : 6
Official
Referees : Francois St Laurent and Brian Pochmara
Linesman : Scott Cherrey and Kilian McNamara
Game Notes
Miles Wood is injured at 10:39 of 1st period (Bruised Left Foot)
Finance
Level 1 -- Attendance: 5822 (58.22%) -- Ticket Income $494,870
Level 2 -- Attendance: 4404 (88.08%) -- Ticket Income $242,220
Level 3 -- Attendance: 2748 (91.60%) -- Ticket Income $82,440
Level 4 -- Attendance: 5000 (100.00%) -- Ticket Income $100,000
Luxury Box -- Attendance: 868 (86.80%) -- Ticket Income $164,920
Game was played at the Hartford Civic Center.
Total Attendance: 18842 (78.51%)
Total Ticket Income: $1,084,450
Other Income: $379,558
Total Income: $1,464,008
New York Rangers
5 vs 5 Forward
Center Left Wing Right Wing Time % Phy DF OF
1 Nathan MacKinnon Artemi Panarin Mathew Barzal 30 1 2 2
2 Dylan Strome Cole Caufield Nikolaj Ehlers 30 1 2 2
3 Mikael Granlund Teuvo Teravainen Joe Pavelski 25 1 2 2
4 David Kampf Conor Garland Marcus Foligno 15 1 2 2
5 vs 5 Defense
Defense Defense Time % Phy DF OF
1 Cam Fowler Adam Larsson 40 1 2 2
2 Jake McCabe Jake Walman 35 1 2 2
3 Brendan Smith Matthew Benning 25 1 2 2
4 Cam Fowler Jake McCabe 0 1 2 2
PowerPlay Forward
Center Left Wing Right Wing Time % Phy DF OF
1 Nathan MacKinnon Artemi Panarin Cole Caufield 60 1 1 3
2 Dylan Strome Joe Pavelski Nikolaj Ehlers 40 1 1 3
PowerPlay Defense
Defense Defense Time % Phy DF OF
1 Jake Walman Mathew Barzal 60 1 1 3
2 Mikael Granlund Cam Fowler 40 1 1 3
Penalty Kill 4 Players Forward
Center Wing Time % Phy DF OF
1 David Kampf Marcus Foligno 50 1 2 2
2 Mikael Granlund Teuvo Teravainen 50 1 2 2
Penalty Kill 4 Players Defense
Defense Defense Time % Phy DF OF
1 Jake Walman Brendan Smith 50 1 2 2
2 Adam Larsson Cam Fowler 50 1 2 2
Penalty Kill - 3 Players Forward
Forward Time % Phy DF OF
1 David Kampf 50 1 2 2
2 Mikael Granlund 50 1 2 2
Penalty Kill - 3 Players Defense
Defense Defense Time % Phy DF OF
1 Jake Walman Brendan Smith 50 1 2 2
2 Adam Larsson Cam Fowler 50 1 2 2
4 vs 4 Forward
Center Wing Time % Phy DF OF
1 Nathan MacKinnon Artemi Panarin 50 1 2 2
2 Dylan Strome Cole Caufield 50 1 2 2
4 vs 4 Defense
Defense Defense Time % Phy DF OF
1 Jake Walman Jake McCabe 50 1 2 2
2 Adam Larsson Cam Fowler 50 1 2 2
Last Minutes Offensive
Center Left Wing Right Wing Defense Defense
Nathan MacKinnon Artemi Panarin Mathew Barzal Cam Fowler Jake Walman
Last Minutes Defensive
Center Left Wing Right Wing Defense Defense
David Kampf Mikael Granlund Marcus Foligno Jake Walman Brendan Smith
Goaltenders
Starting : Igor Shesterkin
Backup : Casey DeSmith
Extra Forwards
Normal : Dylan Strome, Joe Pavelski, Nikolaj Ehlers - PP : Dylan Strome, Conor Garland - PK : Nikolaj Ehlers
Extra Defensemen
Normal : Brendan Smith, Jake Walman, Adam Larsson - PP : Brendan Smith - PK : Jake Walman, Adam Larsson
Penalty Shots
Artemi Panarin, Dylan Strome, Cole Caufield, Conor Garland, Nathan MacKinnon
Scratches
Kevin Lankinen (Healthy)
Hartford Whalers
5 vs 5 Forward
Center Left Wing Right Wing Time % Phy DF OF
1 Ryan O'Reilly Rickard Rakell Matt Duchene 30 1 2 2
2 Nick Suzuki Pierre-Luc Dubois Tom Wilson 30 1 2 2
3 Joshua Norris Anthony Cirelli Josh Anderson 25 1 2 2
4 Morgan Frost Jaden Schwartz Miles Wood 15 1 2 2
5 vs 5 Defense
Defense Defense Time % Phy DF OF
1 Seth Jones Charlie McAvoy 30 1 2 2
2 Devon Toews Samuel Girard 30 1 2 2
3 Ryan Suter Kaiden Guhle 25 1 2 2
4 Seth Jones Charlie McAvoy 15 1 2 2
PowerPlay Forward
Center Left Wing Right Wing Time % Phy DF OF
1 Nick Suzuki Anthony Cirelli Matt Duchene 50 1 1 3
2 Ryan O'Reilly Rickard Rakell Tom Wilson 50 1 1 3
PowerPlay Defense
Defense Defense Time % Phy DF OF
1 Seth Jones Charlie McAvoy 50 1 1 3
2 Devon Toews Samuel Girard 50 1 1 3
Penalty Kill 4 Players Forward
Center Wing Time % Phy DF OF
1 Nick Suzuki Miles Wood 50 1 2 2
2 Ryan O'Reilly Anthony Cirelli 50 1 2 2
Penalty Kill 4 Players Defense
Defense Defense Time % Phy DF OF
1 Seth Jones Charlie McAvoy 50 1 2 2
2 Devon Toews Samuel Girard 50 1 2 2
Penalty Kill - 3 Players Forward
Forward Time % Phy DF OF
1 Ryan O'Reilly 50 2 3 0
2 Joshua Norris 50 2 3 0
Penalty Kill - 3 Players Defense
Defense Defense Time % Phy DF OF
1 Seth Jones Charlie McAvoy 50 2 3 0
2 Devon Toews Kaiden Guhle 50 2 3 0
4 vs 4 Forward
Center Wing Time % Phy DF OF
1 Nick Suzuki Matt Duchene 50 1 1 3
2 Ryan O'Reilly Anthony Cirelli 50 1 2 2
4 vs 4 Defense
Defense Defense Time % Phy DF OF
1 Seth Jones Charlie McAvoy 50 1 2 2
2 Devon Toews Samuel Girard 50 1 2 2
Last Minutes Offensive
Center Left Wing Right Wing Defense Defense
Nick Suzuki Rickard Rakell Matt Duchene Seth Jones Charlie McAvoy
Last Minutes Defensive
Center Left Wing Right Wing Defense Defense
Ryan O'Reilly Anthony Cirelli Matt Duchene Kaiden Guhle Charlie McAvoy
Goaltenders
Starting : John Gibson
Backup : Spencer Knight
Extra Forwards
Normal : Miles Wood, Joshua Norris, Pierre-Luc Dubois - PP : Matt Duchene, Joshua Norris - PK : Anthony Cirelli
Extra Defensemen
Normal : Kaiden Guhle, Seth Jones, Devon Toews - PP : Ryan Suter - PK : Charlie McAvoy, Devon Toews
Penalty Shots
Nick Suzuki, Pierre-Luc Dubois, Ryan O'Reilly, Matt Duchene, Anthony Cirelli
Scratches
None
% Time on Ice - New York Rangers
Lines # - Real PCT - Wanted PCT - Time Play
Normal Forward
1 - 28% - 30% - 13:40
2 - 27% - 30% - 13:18
3 - 27% - 25% - 13:20
4 - 17% - 15% - 8:18
Normal Defense
1 - 35% - 40% - 17:12
2 - 37% - 35% - 17:57
3 - 24% - 25% - 11:47
4 - 3% - 0% - 1:40
PP Forward
1 - 64% - 60% - 2:08
2 - 36% - 40% - 1:12
PP Defense
1 - 55% - 60% - 1:49
2 - 46% - 40% - 1:31
PK Forward
1 - 53% - 50% - 3:28
2 - 47% - 50% - 3:03
PK Defense
1 - 35% - 50% - 2:15
2 - 65% - 50% - 4:16
PK3 Forward
1 - 0% - 50%
2 - 0% - 50%
PK3 Defense
1 - 0% - 50%
2 - 0% - 50%
44 Forward
1 - 48% - 50% - 3:10
2 - 52% - 50% - 3:23
44 Defense
1 - 54% - 50% - 3:33
2 - 46% - 50% - 3:00
Last Minute Offensive - 0:00
Last Minute Defensive - 0:00
Total
Forward - 65:00
Defense - 65:00
|
% Time on Ice - Hartford Whalers
Lines # - Real PCT - Wanted PCT - Time Play
Normal Forward
1 - 30% - 30% - 14:23
2 - 28% - 30% - 13:49
3 - 23% - 25% - 11:09
4 - 19% - 15% - 9:15
Normal Defense
1 - 30% - 30% - 14:42
2 - 32% - 30% - 15:43
3 - 26% - 25% - 12:38
4 - 11% - 15% - 5:33
PP Forward
1 - 49% - 50% - 3:11
2 - 51% - 50% - 3:20
PP Defense
1 - 56% - 50% - 3:38
2 - 44% - 50% - 2:53
PK Forward
1 - 65% - 50% - 2:09
2 - 36% - 50% - 1:11
PK Defense
1 - 44% - 50% - 1:28
2 - 56% - 50% - 1:52
PK3 Forward
1 - 63% - 50% - 0:40
2 - 38% - 50% - 0:24
PK3 Defense
1 - 28% - 50% - 0:18
2 - 72% - 50% - 0:46
44 Forward
1 - 50% - 50% - 2:43
2 - 50% - 50% - 2:46
44 Defense
1 - 44% - 50% - 2:25
2 - 56% - 50% - 3:04
Last Minute Offensive - 0:00
Last Minute Defensive - 0:00
Total
Forward - 65:00
Defense - 65:00
|
Play-by-Play
1st period
0:01 of 1st period - Nathan MacKinnon wins face-off versus Ryan O'Reilly in neutral zone.
0:26 of 1st period - Cam Fowler is hit by Charlie McAvoy.
0:45 of 1st period - Snap shot by Joshua Norris.
0:45 of 1st period - Stopped by Igor Shesterkin without a rebound.
0:46 of 1st period - Joshua Norris wins face-off versus Mikael Granlund in New York Rangers zone.
1:17 of 1st period - Slapshot by Joe Pavelski.
1:17 of 1st period - Goal by Joe Pavelski - New York Rangers : 1 - Hartford Whalers : 0.
1:18 of 1st period - Morgan Frost wins face-off versus David Kampf in neutral zone.
2:08 of 1st period - Wrist shot by Rickard Rakell.
2:08 of 1st period - Shot Blocked by Nathan MacKinnon.
2:10 of 1st period - Wrist shot by Ryan O'Reilly.
2:10 of 1st period - Stopped by Igor Shesterkin without a rebound.
2:11 of 1st period - Ryan O'Reilly wins face-off versus Nathan MacKinnon in New York Rangers zone.
3:28 of 1st period - Snap shot by Nathan MacKinnon.
3:28 of 1st period - Shot Misses the Net.
3:30 of 1st period - Snap shot by Jake McCabe.
3:30 of 1st period - Stopped by John Gibson with a rebound.
3:32 of 1st period - Slapshot by Jake McCabe.
3:32 of 1st period - Shot Misses the Net.
3:34 of 1st period - Snap shot by Jake McCabe.
3:34 of 1st period - Shot Blocked by Miles Wood.
3:36 of 1st period - Slapshot by Jake McCabe.
3:36 of 1st period - Shot Misses the Net.
4:23 of 1st period - Snap shot by Anthony Cirelli.
4:23 of 1st period - Stopped by Igor Shesterkin without a rebound.
4:24 of 1st period - Dylan Strome wins face-off versus Ryan O'Reilly in New York Rangers zone.
4:31 of 1st period - Wrist shot by Cole Caufield.
4:31 of 1st period - Shot Misses the Net.
4:33 of 1st period - Slapshot by Nikolaj Ehlers.
4:33 of 1st period - Stopped by John Gibson without a rebound.
4:34 of 1st period - Ryan O'Reilly wins face-off versus Dylan Strome in Hartford Whalers zone.
4:47 of 1st period - Wrist shot by Cole Caufield.
4:47 of 1st period - Shot Misses the Net.
4:51 of 1st period - Snap shot by Cole Caufield.
4:51 of 1st period - Shot Blocked by Charlie McAvoy.
4:53 of 1st period - Wrist shot by Dylan Strome.
4:53 of 1st period - Deflect By Nikolaj Ehlers.
4:53 of 1st period - Shot Blocked by Ryan O'Reilly.
4:53 of 1st period - Puck is out of play.
4:54 of 1st period - Nick Suzuki wins face-off versus Nathan MacKinnon in Hartford Whalers zone.
5:11 of 1st period - Snap shot by Mathew Barzal.
5:11 of 1st period - Stopped by John Gibson with a rebound.
5:34 of 1st period - Snap shot by Nick Suzuki.
5:34 of 1st period - Shot Misses the Net.
5:36 of 1st period - Snap shot by Seth Jones.
5:36 of 1st period - Shot Blocked by Cam Fowler.
5:50 of 1st period - Snap shot by Nick Suzuki.
5:50 of 1st period - Stopped by Igor Shesterkin without a rebound.
5:51 of 1st period - Nathan MacKinnon wins face-off versus Ryan O'Reilly in New York Rangers zone.
6:04 of 1st period - Slapshot by Mathew Barzal.
6:04 of 1st period - Shot Misses the Net.
7:16 of 1st period - Snap shot by Artemi Panarin.
7:16 of 1st period - Stopped by John Gibson without a rebound.
7:17 of 1st period - Joshua Norris wins face-off versus Nathan MacKinnon in Hartford Whalers zone.
7:32 of 1st period - Artemi Panarin is hit by Anthony Cirelli and loses puck.
7:49 of 1st period - Slapshot by Anthony Cirelli.
7:49 of 1st period - Goal by Anthony Cirelli - New York Rangers : 1 - Hartford Whalers : 1.
7:50 of 1st period - Mikael Granlund wins face-off versus Nick Suzuki in neutral zone.
8:01 of 1st period - Snap shot by Pierre-Luc Dubois.
8:01 of 1st period - Stopped by Igor Shesterkin without a rebound.
8:02 of 1st period - David Kampf wins face-off versus Ryan O'Reilly in New York Rangers zone.
8:17 of 1st period - Snap shot by Marcus Foligno.
8:17 of 1st period - Stopped by John Gibson with a rebound.
8:33 of 1st period - Snap shot by Cole Caufield.
8:33 of 1st period - Shot Hit the Post.
8:35 of 1st period - Wrist shot by Cole Caufield.
8:35 of 1st period - Shot Misses the Net.
8:37 of 1st period - Slapshot by Adam Larsson.
8:37 of 1st period - Shot Misses the Net.
8:55 of 1st period - Slapshot by Teuvo Teravainen.
8:55 of 1st period - Deflect By Joe Pavelski.
8:55 of 1st period - Shot Misses the Net.
8:55 of 1st period - Puck is out of play.
8:56 of 1st period - Ryan O'Reilly wins face-off versus Nathan MacKinnon in Hartford Whalers zone.
9:03 of 1st period - Snap shot by Ryan O'Reilly.
9:03 of 1st period - Shot Misses the Net.
9:05 of 1st period - Slapshot by Charlie McAvoy.
9:05 of 1st period - Deflect By Matt Duchene.
9:05 of 1st period - Shot Misses the Net.
9:05 of 1st period - Puck is out of play.
9:06 of 1st period - Ryan O'Reilly wins face-off versus Nathan MacKinnon in New York Rangers zone.
9:22 of 1st period - Off-side.
9:23 of 1st period - Nick Suzuki wins face-off versus Dylan Strome in neutral zone.
10:39 of 1st period - Snap shot by Artemi Panarin.
10:39 of 1st period - Shot Blocked by Miles Wood.
10:39 of 1st period - Miles Wood from Hartford Whalers is injured at 10:39 of 1st period (Bruised Left Foot).
10:40 of 1st period - Nick Suzuki wins face-off versus Dylan Strome in Hartford Whalers zone.
10:45 of 1st period - Cam Fowler is hit by Tom Wilson and loses puck.
11:31 of 1st period - Wrist shot by Nick Suzuki.
11:31 of 1st period - Shot Blocked by Cam Fowler.
11:33 of 1st period - Slapshot by Ryan Suter.
11:33 of 1st period - Stopped by Igor Shesterkin with a rebound.
11:35 of 1st period - Slapshot by Kaiden Guhle.
11:35 of 1st period - Deflect By Pierre-Luc Dubois.
11:35 of 1st period - Stopped by Igor Shesterkin without a rebound.
11:36 of 1st period - Mikael Granlund wins face-off versus Ryan O'Reilly in New York Rangers zone.
12:12 of 1st period - Slapshot by Anthony Cirelli.
12:12 of 1st period - Shot Misses the Net.
12:14 of 1st period - Wrist shot by Anthony Cirelli.
12:14 of 1st period - Stopped by Igor Shesterkin with a rebound.
12:24 of 1st period - Seth Jones is hit by Brendan Smith and loses puck.
12:29 of 1st period - Snap shot by Conor Garland.
12:29 of 1st period - Stopped by John Gibson without a rebound.
12:30 of 1st period - Ryan O'Reilly wins face-off versus Conor Garland in Hartford Whalers zone.
12:30 of 1st period - Ryan O'Reilly is hit by Conor Garland.
12:46 of 1st period - Wrist shot by Ryan O'Reilly.
12:46 of 1st period - Stopped by Igor Shesterkin with a rebound.
13:06 of 1st period - Snap shot by Morgan Frost.
13:06 of 1st period - Stopped by Igor Shesterkin without a rebound.
13:07 of 1st period - Joshua Norris wins face-off versus Dylan Strome in New York Rangers zone.
13:59 of 1st period - Nathan MacKinnon is hit by Rickard Rakell and loses puck.
14:10 of 1st period - Snap shot by Joshua Norris.
14:10 of 1st period - Stopped by Igor Shesterkin without a rebound.
14:11 of 1st period - Morgan Frost wins face-off versus Dylan Strome in New York Rangers zone.
14:12 of 1st period - Snap shot by Jaden Schwartz.
14:12 of 1st period - Stopped by Igor Shesterkin with a rebound.
14:14 of 1st period - Slapshot by Charlie McAvoy.
14:14 of 1st period - Shot Blocked by Dylan Strome.
14:18 of 1st period - Slapshot by Morgan Frost.
14:18 of 1st period - Stopped by Igor Shesterkin with a rebound.
14:20 of 1st period - Slapshot by Charlie McAvoy.
14:20 of 1st period - Stopped by Igor Shesterkin with a rebound.
14:22 of 1st period - Slapshot by Seth Jones.
14:22 of 1st period - Shot Misses the Net.
14:24 of 1st period - Snap shot by Jaden Schwartz.
14:24 of 1st period - Stopped by Igor Shesterkin without a rebound.
14:25 of 1st period - Joshua Norris wins face-off versus Mikael Granlund in New York Rangers zone.
14:31 of 1st period - Icing by Cam Fowler.
14:32 of 1st period - Anthony Cirelli wins face-off versus Mikael Granlund in New York Rangers zone.
15:03 of 1st period - Slapshot by Joe Pavelski.
15:03 of 1st period - Deflect By Teuvo Teravainen.
15:03 of 1st period - Shot Misses the Net.
15:03 of 1st period - Puck is out of play.
15:04 of 1st period - Nick Suzuki wins face-off versus Artemi Panarin in Hartford Whalers zone.
15:31 of 1st period - Jake McCabe is hit by Devon Toews and loses puck.
16:12 of 1st period - Mikael Granlund is hit by Samuel Girard and loses puck.
16:38 of 1st period - Minor Penalty to Mikael Granlund for Delaying the game.
16:39 of 1st period - Nick Suzuki wins face-off versus Marcus Foligno in New York Rangers zone.
16:46 of 1st period - Snap shot by Anthony Cirelli.
16:46 of 1st period - Goal by Anthony Cirelli - New York Rangers : 1 - Hartford Whalers : 2.
16:47 of 1st period - Nick Suzuki wins face-off versus Nathan MacKinnon in neutral zone.
17:18 of 1st period - Snap shot by Ryan O'Reilly.
17:18 of 1st period - Shot Misses the Net.
17:20 of 1st period - Wrist shot by Ryan O'Reilly.
17:20 of 1st period - Shot Misses the Net.
17:22 of 1st period - Slapshot by Seth Jones.
17:22 of 1st period - Stopped by Igor Shesterkin without a rebound.
17:23 of 1st period - Nick Suzuki wins face-off versus Conor Garland in New York Rangers zone.
17:24 of 1st period - Snap shot by Pierre-Luc Dubois.
17:24 of 1st period - Shot Blocked by Cam Fowler.
17:32 of 1st period - Pierre-Luc Dubois is hit by David Kampf and loses puck.
18:33 of 1st period - Slapshot by Pierre-Luc Dubois.
18:33 of 1st period - Stopped by Igor Shesterkin with a rebound.
18:44 of 1st period - Snap shot by Mikael Granlund.
18:44 of 1st period - Stopped by John Gibson without a rebound.
18:45 of 1st period - Nick Suzuki wins face-off versus Dylan Strome in Hartford Whalers zone.
18:54 of 1st period - Snap shot by Nikolaj Ehlers.
18:54 of 1st period - Stopped by John Gibson with a rebound.
19:46 of 1st period - Wrist shot by Anthony Cirelli.
19:46 of 1st period - Shot Blocked by Jake McCabe.
Goals for this period are 1 for New York Rangers vs 2 for Hartford Whalers.
Shots for this period are 9 for New York Rangers vs 19 for Hartford Whalers.
2nd period
0:01 of 2nd period - Nathan MacKinnon wins face-off versus Nick Suzuki in neutral zone.
0:03 of 2nd period - Minor Penalty to Adam Larsson for Holding.
0:04 of 2nd period - Ryan O'Reilly wins face-off versus Mikael Granlund in New York Rangers zone.
0:31 of 2nd period - Devon Toews is hit by Marcus Foligno and loses puck.
0:42 of 2nd period - Snap shot by Ryan O'Reilly.
0:42 of 2nd period - Stopped by Igor Shesterkin without a rebound.
0:43 of 2nd period - Nick Suzuki wins face-off versus Mikael Granlund in New York Rangers zone.
0:56 of 2nd period - Wrist shot by Matt Duchene.
0:56 of 2nd period - Stopped by Igor Shesterkin without a rebound.
0:57 of 2nd period - Mikael Granlund wins face-off versus Nick Suzuki in New York Rangers zone.
1:14 of 2nd period - Jake Walman is hit by Samuel Girard and loses puck.
2:03 of 2nd period - Penalty to Adam Larsson is over, Adam Larsson is back on ice.
2:36 of 2nd period - Snap shot by Artemi Panarin.
2:36 of 2nd period - Shot Misses the Net.
2:38 of 2nd period - Slapshot by Jake McCabe.
2:38 of 2nd period - Stopped by John Gibson with a rebound.
2:40 of 2nd period - Wrist shot by Artemi Panarin.
2:40 of 2nd period - Stopped by John Gibson with a rebound.
3:11 of 2nd period - Tom Wilson is hit by Jake Walman.
4:10 of 2nd period - Tom Wilson is hit by Marcus Foligno and loses puck.
4:31 of 2nd period - Slapshot by Seth Jones.
4:31 of 2nd period - Deflect By Conor Garland.
4:31 of 2nd period - Stopped by Igor Shesterkin without a rebound.
4:32 of 2nd period - Ryan O'Reilly wins face-off versus Dylan Strome in New York Rangers zone.
4:35 of 2nd period - Wrist shot by Ryan O'Reilly.
4:35 of 2nd period - Shot Blocked by Cam Fowler.
4:59 of 2nd period - Josh Anderson is hit by Mikael Granlund and loses puck.
6:23 of 2nd period - Snap shot by Mathew Barzal.
6:23 of 2nd period - Shot Blocked by Kaiden Guhle.
6:41 of 2nd period - Snap shot by Cole Caufield.
6:41 of 2nd period - Stopped by John Gibson without a rebound.
6:42 of 2nd period - Morgan Frost wins face-off versus Dylan Strome in Hartford Whalers zone.
7:44 of 2nd period - Rickard Rakell is hit by Mikael Granlund and loses puck.
8:12 of 2nd period - Wrist shot by Nikolaj Ehlers.
8:12 of 2nd period - Shot Misses the Net.
8:14 of 2nd period - Backhand shot by Mathew Barzal.
8:14 of 2nd period - Shot Misses the Net.
8:16 of 2nd period - Slapshot by Jake Walman.
8:16 of 2nd period - Shot Blocked by Ryan Suter.
8:18 of 2nd period - Slapshot by Mathew Barzal.
8:18 of 2nd period - Stopped by John Gibson without a rebound.
8:19 of 2nd period - Nathan MacKinnon wins face-off versus Morgan Frost in Hartford Whalers zone.
8:30 of 2nd period - Minor Penalty to Nathan MacKinnon for Delaying the game.
8:31 of 2nd period - Mikael Granlund wins face-off versus Nick Suzuki in New York Rangers zone.
8:43 of 2nd period - Slapshot by Seth Jones.
8:43 of 2nd period - Stopped by Igor Shesterkin with a rebound.
8:57 of 2nd period - Ryan O'Reilly is hit by Adam Larsson and loses puck.
9:08 of 2nd period - Slapshot by Tom Wilson.
9:08 of 2nd period - Shot Misses the Net.
10:30 of 2nd period - Penalty to Nathan MacKinnon is over, Nathan MacKinnon is back on ice.
10:38 of 2nd period - Wrist shot by Artemi Panarin.
10:38 of 2nd period - Shot Misses the Net.
10:40 of 2nd period - Wrist shot by Artemi Panarin.
10:40 of 2nd period - Shot Misses the Net.
10:42 of 2nd period - Snap shot by Cam Fowler.
10:42 of 2nd period - Stopped by John Gibson with a rebound.
10:44 of 2nd period - Backhand shot by Nathan MacKinnon.
10:44 of 2nd period - Goal by Nathan MacKinnon - New York Rangers : 2 - Hartford Whalers : 2.
10:45 of 2nd period - Joshua Norris wins face-off versus Dylan Strome in neutral zone.
11:37 of 2nd period - Wrist shot by Conor Garland.
11:37 of 2nd period - Stopped by John Gibson with a rebound.
12:14 of 2nd period - Slapshot by Cole Caufield.
12:14 of 2nd period - Shot Misses the Net.
12:30 of 2nd period - Devon Toews is hit by Nathan MacKinnon.
12:57 of 2nd period - Jake Walman is hit by Pierre-Luc Dubois and loses puck.
13:12 of 2nd period - Snap shot by Matt Duchene.
13:12 of 2nd period - Stopped by Igor Shesterkin with a rebound.
13:14 of 2nd period - Snap shot by Ryan O'Reilly.
13:14 of 2nd period - Shot Misses the Net.
13:16 of 2nd period - Wrist shot by Matt Duchene.
13:16 of 2nd period - Shot Misses the Net.
13:18 of 2nd period - Slapshot by Seth Jones.
13:18 of 2nd period - Stopped by Igor Shesterkin without a rebound.
13:19 of 2nd period - Dylan Strome wins face-off versus Ryan O'Reilly in New York Rangers zone.
13:44 of 2nd period - Nathan MacKinnon is hit by Joshua Norris and loses puck.
14:31 of 2nd period - Snap shot by Cole Caufield.
14:31 of 2nd period - Shot Blocked by Morgan Frost.
14:33 of 2nd period - Snap shot by Cole Caufield.
14:33 of 2nd period - Stopped by John Gibson without a rebound.
14:34 of 2nd period - Ryan O'Reilly wins face-off versus Dylan Strome in Hartford Whalers zone.
14:47 of 2nd period - Nikolaj Ehlers is hit by Ryan O'Reilly and loses puck.
15:12 of 2nd period - Snap shot by Josh Anderson.
15:12 of 2nd period - Stopped by Igor Shesterkin without a rebound.
15:13 of 2nd period - Mikael Granlund wins face-off versus Nick Suzuki in New York Rangers zone.
15:51 of 2nd period - Snap shot by Anthony Cirelli.
15:51 of 2nd period - Stopped by Igor Shesterkin without a rebound.
15:52 of 2nd period - Ryan O'Reilly wins face-off versus Nathan MacKinnon in New York Rangers zone.
16:31 of 2nd period - Wrist shot by Mikael Granlund.
16:31 of 2nd period - Shot Hit the Post.
16:33 of 2nd period - Wrist shot by Adam Larsson.
16:33 of 2nd period - Shot Misses the Net.
16:49 of 2nd period - Wrist shot by Matt Duchene.
16:49 of 2nd period - Shot Misses the Net.
16:51 of 2nd period - Wrist shot by Ryan O'Reilly.
16:51 of 2nd period - Shot Blocked by David Kampf.
16:55 of 2nd period - Snap shot by Rickard Rakell.
16:55 of 2nd period - Stopped by Igor Shesterkin with a rebound.
16:57 of 2nd period - Slapshot by Samuel Girard.
16:57 of 2nd period - Shot Blocked by Jake McCabe.
16:59 of 2nd period - Snap shot by Matt Duchene.
16:59 of 2nd period - Stopped by Igor Shesterkin without a rebound.
17:00 of 2nd period - Joshua Norris wins face-off versus Dylan Strome in New York Rangers zone.
17:25 of 2nd period - Cam Fowler is hit by Seth Jones.
17:41 of 2nd period - Minor Penalty to Pierre-Luc Dubois for Interference.
17:42 of 2nd period - Nathan MacKinnon wins face-off versus Nick Suzuki in Hartford Whalers zone.
17:55 of 2nd period - Snap shot by Nathan MacKinnon.
17:55 of 2nd period - Shot Misses the Net.
17:57 of 2nd period - Slapshot by Jake Walman.
17:57 of 2nd period - Shot Misses the Net.
17:59 of 2nd period - Wrist shot by Nathan MacKinnon.
17:59 of 2nd period - Shot Blocked by Seth Jones.
19:41 of 2nd period - Penalty to Pierre-Luc Dubois is over, Pierre-Luc Dubois is back on ice.
Goals for this period are 1 for New York Rangers vs 0 for Hartford Whalers.
Shots for this period are 8 for New York Rangers vs 10 for Hartford Whalers.
3rd period
0:01 of 3rd period - Dylan Strome wins face-off versus Joshua Norris in neutral zone.
0:14 of 3rd period - Snap shot by Dylan Strome.
0:14 of 3rd period - Stopped by John Gibson with a rebound.
1:14 of 3rd period - Snap shot by Morgan Frost.
1:14 of 3rd period - Shot Misses the Net.
1:22 of 3rd period - Matthew Benning is hit by Joshua Norris.
1:50 of 3rd period - Anthony Cirelli is hit by Brendan Smith and loses puck.
2:05 of 3rd period - Minor Penalty to Matthew Benning for High sticking.
2:06 of 3rd period - Nick Suzuki wins face-off versus David Kampf in New York Rangers zone.
4:05 of 3rd period - Penalty to Matthew Benning is over, Matthew Benning is back on ice.
4:24 of 3rd period - Charlie McAvoy is hit by Jake McCabe and loses puck.
5:38 of 3rd period - Wrist shot by Nikolaj Ehlers.
5:38 of 3rd period - Shot Misses the Net.
6:04 of 3rd period - Wrist shot by Mikael Granlund.
6:04 of 3rd period - Stopped by John Gibson with a rebound.
6:10 of 3rd period - Jake Walman is hit by Ryan O'Reilly and loses puck.
7:00 of 3rd period - Seth Jones is hit by Brendan Smith.
7:16 of 3rd period - Dylan Strome is hit by Tom Wilson and loses puck.
7:55 of 3rd period - Ryan Suter is hit by Nathan MacKinnon and loses puck.
8:18 of 3rd period - Slapshot by Joe Pavelski.
8:18 of 3rd period - Stopped by John Gibson without a rebound.
8:19 of 3rd period - Nick Suzuki wins face-off versus Mikael Granlund in Hartford Whalers zone.
8:47 of 3rd period - Snap shot by Pierre-Luc Dubois.
8:47 of 3rd period - Stopped by Igor Shesterkin with a rebound.
9:05 of 3rd period - Adam Larsson is hit by Nick Suzuki.
9:15 of 3rd period - Nick Suzuki is hit by Teuvo Teravainen and loses puck.
9:36 of 3rd period - Snap shot by Teuvo Teravainen.
9:36 of 3rd period - Stopped by John Gibson without a rebound.
9:37 of 3rd period - Ryan O'Reilly wins face-off versus Nathan MacKinnon in Hartford Whalers zone.
10:06 of 3rd period - Snap shot by Cole Caufield.
10:06 of 3rd period - Shot Misses the Net.
10:08 of 3rd period - Slapshot by Jake Walman.
10:08 of 3rd period - Shot Misses the Net.
10:10 of 3rd period - Slapshot by Cole Caufield.
10:10 of 3rd period - Goal by Cole Caufield - New York Rangers : 3 - Hartford Whalers : 2.
10:11 of 3rd period - Ryan O'Reilly wins face-off versus Dylan Strome in neutral zone.
11:07 of 3rd period - David Kampf is hit by Pierre-Luc Dubois and loses puck.
11:20 of 3rd period - Backhand shot by Joe Pavelski.
11:20 of 3rd period - Shot Misses the Net.
11:22 of 3rd period - Slapshot by Jake McCabe.
11:22 of 3rd period - Deflect By Mikael Granlund.
11:22 of 3rd period - Shot Misses the Net.
11:22 of 3rd period - Puck is out of play.
11:23 of 3rd period - Mikael Granlund wins face-off versus Joshua Norris in Hartford Whalers zone.
11:53 of 3rd period - Devon Toews is hit by Cole Caufield and loses puck.
11:58 of 3rd period - Snap shot by Cole Caufield.
11:58 of 3rd period - Shot Misses the Net.
12:00 of 3rd period - Slapshot by Cole Caufield.
12:00 of 3rd period - Stopped by John Gibson without a rebound.
12:01 of 3rd period - Nick Suzuki wins face-off versus Dylan Strome in Hartford Whalers zone.
12:16 of 3rd period - Slapshot by Charlie McAvoy.
12:16 of 3rd period - Deflect By Tom Wilson.
12:16 of 3rd period - Stopped by Igor Shesterkin without a rebound.
12:17 of 3rd period - Ryan O'Reilly wins face-off versus Nathan MacKinnon in New York Rangers zone.
12:18 of 3rd period - Wrist shot by Matt Duchene.
12:18 of 3rd period - Stopped by Igor Shesterkin with a rebound.
12:44 of 3rd period - Ryan O'Reilly is hit by Mikael Granlund and loses puck.
12:51 of 3rd period - Slapshot by Mikael Granlund.
12:51 of 3rd period - Stopped by John Gibson with a rebound.
12:53 of 3rd period - Wrist shot by Joe Pavelski.
12:53 of 3rd period - Stopped by John Gibson without a rebound.
12:54 of 3rd period - Joshua Norris wins face-off versus Nikolaj Ehlers in Hartford Whalers zone.
13:19 of 3rd period - Ryan Suter is hit by Artemi Panarin and loses puck.
13:40 of 3rd period - Jake McCabe is hit by Jaden Schwartz and loses puck.
14:05 of 3rd period - Slapshot by Seth Jones.
14:05 of 3rd period - Stopped by Igor Shesterkin with a rebound.
14:27 of 3rd period - Pierre-Luc Dubois is hit by Jake McCabe and loses puck.
14:45 of 3rd period - Minor Penalty to Morgan Frost for Tripping.
14:46 of 3rd period - Nathan MacKinnon wins face-off versus Ryan O'Reilly in Hartford Whalers zone.
15:11 of 3rd period - Minor Penalty to Cam Fowler for Roughing.
15:12 of 3rd period - Nathan MacKinnon wins face-off versus Nick Suzuki in New York Rangers zone.
15:28 of 3rd period - Backhand shot by Nick Suzuki.
15:28 of 3rd period - Stopped by Igor Shesterkin without a rebound.
15:29 of 3rd period - Ryan O'Reilly wins face-off versus Dylan Strome in New York Rangers zone.
16:45 of 3rd period - Penalty to Morgan Frost is over, Morgan Frost is back on ice.
16:49 of 3rd period - Slapshot by Charlie McAvoy.
16:49 of 3rd period - Shot Blocked by Jake Walman.
16:51 of 3rd period - Snap shot by Seth Jones.
16:51 of 3rd period - Shot Blocked by Teuvo Teravainen.
16:53 of 3rd period - Wrist shot by Morgan Frost.
16:53 of 3rd period - Stopped by Igor Shesterkin without a rebound.
16:54 of 3rd period - Ryan O'Reilly wins face-off versus Mikael Granlund in New York Rangers zone.
17:07 of 3rd period - Adam Larsson is hit by Seth Jones and loses puck.
17:11 of 3rd period - Penalty to Cam Fowler is over, Cam Fowler is back on ice.
17:41 of 3rd period - Pierre-Luc Dubois is hit by Mikael Granlund and loses puck.
18:03 of 3rd period - Wrist shot by Jaden Schwartz.
18:03 of 3rd period - Stopped by Igor Shesterkin with a rebound.
18:05 of 3rd period - Snap shot by Nick Suzuki.
18:05 of 3rd period - Goal by Nick Suzuki - New York Rangers : 3 - Hartford Whalers : 3.
18:06 of 3rd period - Joshua Norris wins face-off versus Teuvo Teravainen in neutral zone.
18:44 of 3rd period - Slapshot by Conor Garland.
18:44 of 3rd period - Shot Misses the Net.
18:50 of 3rd period - Cam Fowler is hit by Ryan O'Reilly and loses puck.
18:55 of 3rd period - Snap shot by Ryan O'Reilly.
18:55 of 3rd period - Shot Misses the Net.
19:04 of 3rd period - Minor Penalty to Ryan O'Reilly for Slashing.
19:05 of 3rd period - Nathan MacKinnon wins face-off versus Nick Suzuki in Hartford Whalers zone.
19:08 of 3rd period - Wrist shot by Artemi Panarin.
19:08 of 3rd period - Stopped by John Gibson with a rebound.
19:22 of 3rd period - Wrist shot by Cole Caufield.
19:22 of 3rd period - Shot Misses the Net.
19:42 of 3rd period - Wrist shot by Artemi Panarin.
19:42 of 3rd period - Shot Blocked by Samuel Girard.
19:44 of 3rd period - Snap shot by Artemi Panarin.
19:44 of 3rd period - Stopped by John Gibson without a rebound.
19:45 of 3rd period - Nikolaj Ehlers wins face-off versus Nick Suzuki in Hartford Whalers zone.
Goals for this period are 1 for New York Rangers vs 1 for Hartford Whalers.
Shots for this period are 10 for New York Rangers vs 8 for Hartford Whalers.
Overtime #1
0:01 of 1st overtime period - Anthony Cirelli wins face-off versus Dylan Strome in neutral zone.
0:11 of 1st overtime period - Off-side.
0:12 of 1st overtime period - Nathan MacKinnon wins face-off versus Joshua Norris in neutral zone.
0:44 of 1st overtime period - Slapshot by Cam Fowler.
0:44 of 1st overtime period - Stopped by John Gibson with a rebound.
0:46 of 1st overtime period - Wrist shot by Cole Caufield.
0:46 of 1st overtime period - Stopped by John Gibson with a rebound.
0:48 of 1st overtime period - Snap shot by Cole Caufield.
0:48 of 1st overtime period - Shot Misses the Net.
0:50 of 1st overtime period - Snap shot by Dylan Strome.
0:50 of 1st overtime period - Shot Misses the Net.
1:04 of 1st overtime period - Penalty to Ryan O'Reilly is over, Ryan O'Reilly is back on ice.
1:13 of 1st overtime period - Icing by Nathan MacKinnon.
1:14 of 1st overtime period - Nathan MacKinnon wins face-off versus Nick Suzuki in New York Rangers zone.
1:20 of 1st overtime period - Off-side.
1:21 of 1st overtime period - Dylan Strome wins face-off versus Ryan O'Reilly in neutral zone.
2:11 of 1st overtime period - Off-side.
2:12 of 1st overtime period - Nick Suzuki wins face-off versus Nathan MacKinnon in neutral zone.
2:17 of 1st overtime period - Snap shot by Nick Suzuki.
2:17 of 1st overtime period - Stopped by Igor Shesterkin without a rebound.
2:18 of 1st overtime period - Nick Suzuki wins face-off versus Nathan MacKinnon in New York Rangers zone.
2:23 of 1st overtime period - Backhand shot by Matt Duchene.
2:23 of 1st overtime period - Stopped by Igor Shesterkin with a rebound.
4:26 of 1st overtime period - Artemi Panarin is hit by Seth Jones and loses puck.
4:57 of 1st overtime period - Snap shot by Pierre-Luc Dubois.
4:57 of 1st overtime period - Shot Misses the Net.
4:59 of 1st overtime period - Snap shot by Kaiden Guhle.
4:59 of 1st overtime period - Stopped by Igor Shesterkin with a rebound.
Goals for this period are 0 for New York Rangers vs 0 for Hartford Whalers.
Shots for this period are 2 for New York Rangers vs 3 for Hartford Whalers.
ShootOut
5:00 of 1st overtime period - Round #1.
5:00 of 1st overtime period - New York Rangers, Artemi Panarin.
5:00 of 1st overtime period - Backhand shot by Artemi Panarin.
5:00 of 1st overtime period - Shot Misses the Net.
5:00 of 1st overtime period - Hartford Whalers, Nick Suzuki.
5:00 of 1st overtime period - Deke by Nick Suzuki.
5:00 of 1st overtime period - Stopped by Igor Shesterkin.
5:00 of 1st overtime period - Round #2.
5:00 of 1st overtime period - New York Rangers, Dylan Strome.
5:00 of 1st overtime period - Backhand shot by Dylan Strome.
5:00 of 1st overtime period - Stopped by John Gibson.
5:00 of 1st overtime period - Hartford Whalers, Pierre-Luc Dubois.
5:00 of 1st overtime period - Deke by Pierre-Luc Dubois.
5:00 of 1st overtime period - Stopped by Igor Shesterkin.
5:00 of 1st overtime period - Round #3.
5:00 of 1st overtime period - New York Rangers, Cole Caufield.
5:00 of 1st overtime period - Deke by Cole Caufield.
5:00 of 1st overtime period - Shot Misses the Net.
5:00 of 1st overtime period - Hartford Whalers, Ryan O'Reilly.
5:00 of 1st overtime period - Wrist shot by Ryan O'Reilly.
5:00 of 1st overtime period - Goal by Ryan O'Reilly.
Back to the Top